Map: Blackpink LE

Players

Bly

  • Race: Zerg Zerg
  • Spawn Location: 1:00

souL - Winner!

  • Race: Terran Terran
  • Spawn Location: 7:00

Event: IEM Season 12 - Katowice

VOD

Have the link to the VOD?

Description

Time

  • Played on: Feb. 26, 2018, 4:15 a.m.
  • Length: 11:01

All games in this series

Show
View Real Time Build Order
Export as new Build Order

Bly Zerg 

Build Orders: Pool First 

Get SALT Encoding   

  12  0:01  Drone  
  13  0:12  Overlord  
  13  0:17  Drone  
  14  0:32  Drone x2  
  16  0:36  Drone  
  17  0:48  Drone, Spawning Pool  
  17  1:08  Hatchery  
  16  1:11  Drone  
  16  1:14  Drone  
  16  1:16  Extractor  
  17  1:34  Zergling x2  
  17  1:35  Queen, Zergling x2  
  21  1:42  Overlord  
  21  1:49  Drone  
  22  2:04  Drone  
  23  2:11  Queen  
  23  2:12  Drone  
  26  2:20  Queen  
  26  2:21  Drone  
  29  2:22  Metabolic Boost  
  29  2:29  Drone  
  30  2:34  Drone x2  
  32  2:45  Overlord  
  32  2:54  Drone x4  
  32  2:58  Overlord  
  36  3:12  Drone x2  
  38  3:18  Drone x2  
  40  3:20  Hatchery  
  40  3:25  Drone x2  
  40  3:26  Drone x2  
  41  3:37  Drone x3, Roach Warren  
  41  3:38  Extractor  
  41  3:40  Drone  
  43  3:47  Overlord  
  43  3:54  Overlord  
  43  3:57  Zergling x4  
  45  4:04  Zergling x6  
  48  4:25  Roach x2  
  48  4:26  Roach x3  
  48  4:28  Roach  
  60  4:36  Roach x5  
  70  4:50  Overlord  
  71  5:00  Drone x4  
  71  5:01  Overlord x2  
  71  5:02  Lair  
  71  5:04  Extractor  
  71  5:05  Evolution Chamber  
  70  5:18  Drone  
  70  5:19  Drone x8  
  78  5:30  Drone x2  
  78  5:31  Drone  
  67  5:45  Drone x3  
  67  5:46  Drone x2  
  64  5:52  Zerg Ground Armor Level 1  
  64  5:56  Spore Crawler x2, Extractor  
  59  5:57  Spore Crawler  
  59  6:02  Glial Reconstitution  
  59  6:03  Infestation Pit  
  57  6:05  Drone x4  
  57  6:06  Drone x7  
  57  6:07  Overseer  
  57  6:09  Extractor, Hatchery  
  66  6:11  Extractor  
  65  6:26  Roach  
  65  6:27  Roach x5  
  65  6:29  Hatchery  
  77  6:36  Hatchery  
  77  6:41  Roach x8  
  92  6:55  Drone x4  
  92  6:56  Drone x2  
  94  7:08  Infestor x2  
  98  7:16  Overlord  
  98  7:18  Overlord  
  91  7:24  Drone x4  
  95  7:37  Drone, Hive  
  95  7:38  Drone x2  
  95  7:40  Drone x2  
  100  7:47  Roach x4  
  100  7:48  Zerg Ground Armor Level 2  
  100  7:50  Queen  
  100  7:51  Queen  
  114  7:58  Roach x4  
  114  7:59  Overlord  
  114  8:00  Overlord  
  114  8:03  Overlord  
  120  8:07  Overlord  
  116  8:25  Roach x6  
  124  8:35  Drone x5  
  124  8:36  Drone x4  
  124  8:40  Overlord  
  124  8:41  Queen  
  135  8:53  Drone x2, Ultralisk Cavern  
  135  8:54  Extractor  
  135  8:56  Queen  
  135  9:01  Zergling x20  
  145  9:05  Evolution Chamber  
  140  9:16  Roach x5  
  140  9:17  Roach x5  
  140  9:40  Hatchery  
  140  9:43  Ravager x3  
  142  9:48  Ultralisk x2  
  153  10:02  Overlord x3  
  153  10:03  Overlord  
  140  10:15  Overlord  
  136  10:24  Overlord  
  136  10:28  Spine Crawler  
  138  10:41  Zergling x28  
Show
View Real Time Build Order
Export as new Build Order

souL Terran - Winner!

Build Orders: Reaper Expand, MMM Bio, Banshee Rush 

Get SALT Encoding   

  12  0:00  SCV  
  13  0:12  SCV  
  14  0:17  Supply Depot  
  14  0:25  SCV  
  15  0:39  SCV  
  15  0:41  Barracks  
  16  0:44  Refinery  
  16  0:51  SCV  
  17  1:03  SCV  
  18  1:15  SCV  
  19  1:28  Reaper  
  19  1:29  Orbital Command  
  20  1:43  Command Center  
  20  1:53  Supply Depot  
  20  1:54  SCV  
  20  2:00  Marine  
  22  2:06  SCV  
  23  2:10  Factory  
  23  2:19  SCV  
  23  2:20  Refinery  
  23  2:21  Barracks Reactor  
  24  2:31  SCV  
  25  2:43  SCV  
  26  2:54  Starport  
  26  2:56  Orbital Command  
  26  3:02  Hellion x2  
  26  3:03  SCV  
  31  3:06  Barracks Tech Lab  
  31  3:15  SCV  
  32  3:23  Hellion x2  
  32  3:24  SCV  
  37  3:27  SCV  
  38  3:36  SCV  
  38  3:40  SCV  
  40  3:43  Banshee  
  40  3:44  Cloaking Field  
  40  3:45  Supply Depot  
  40  3:48  SCV  
  44  3:50  Barracks Tech Lab  
  44  3:52  SCV  
  45  4:00  SCV  
  46  4:06  SCV  
  46  4:08  Command Center  
  47  4:12  SCV, Stimpack, Marine  
  49  4:18  Supply Depot, SCV  
  49  4:23  Supply Depot  
  50  4:24  SCV  
  50  4:28  Banshee  
  54  4:38  Barracks  
  54  4:39  SCV x2  
  54  4:43  Factory Tech Lab  
  54  4:44  Marine  
  54  4:45  Barracks  
  57  4:51  SCV  
  57  4:52  SCV  
  59  4:57  Bunker  
  59  4:59  Supply Depot  
  58  5:01  Marine  
  58  5:02  Siege Tank  
  58  5:04  SCV x2  
  64  5:08  Bunker  
  64  5:16  SCV  
  64  5:19  Marine  
  64  5:20  Orbital Command  
  66  5:25  Starport Reactor  
  66  5:27  Marine  
  67  5:28  Marine  
  67  5:29  SCV  
  67  5:33  Marine  
  67  5:35  SCV  
  70  5:37  Marine  
  65  5:44  Marine  
  65  5:45  Orbital Command, Engineering Bay  
  65  5:46  Marine, Engineering Bay  
  65  5:49  SCV  
  67  5:53  Refinery  
  67  5:54  Refinery  
  67  5:55  SCV, Marine  
  69  5:57  Barracks Reactor  
  69  5:58  Supply Depot  
  69  6:01  SCV  
  69  6:02  Marine  
  69  6:03  Medivac  
  73  6:04  Marine  
  73  6:05  Supply Depot  
  73  6:06  Supply Depot, Medivac  
  79  6:13  SCV, Marine  
  79  6:14  SCV x2  
  79  6:18  Terran Infantry Armor Level 1  
  80  6:20  Marine, Terran Infantry Weapons Level 1  
  80  6:25  Supply Depot, Marine  
  82  6:26  SCV x2  
  82  6:27  SCV  
  82  6:31  Combat Shields  
  85  6:33  Marine  
  85  6:37  Marine x2  
  85  6:38  SCV x2  
  85  6:39  SCV  
  91  6:41  Marine  
  91  6:45  Siege Tank  
  95  6:48  Marine  
  95  6:50  SCV x2, Marine  
  95  6:51  SCV  
  95  6:53  Supply Depot  
  100  6:54  Supply Depot  
  100  6:55  Marine  
  100  6:56  Marine  
  100  7:00  Medivac x2  
  106  7:02  SCV x2, Marine  
  106  7:03  SCV  
  110  7:12  Barracks  
  110  7:13  Barracks  
  110  7:14  Missile Turret, SCV x2  
  112  7:18  Marine  
  112  7:20  Marine  
  112  7:21  Marine  
  115  7:26  SCV x3  
  118  7:30  Marine x2, Medivac x2, Armory  
  118  7:31  Supply Depot  
  118  7:32  Supply Depot  
  118  7:36  Marine  
  125  7:38  SCV  
  125  7:42  Refinery  
  126  7:44  Marine  
  126  7:45  Marine  
  126  7:49  Marauder  
  130  7:52  Command Center  
  130  7:54  Supply Depot x2  
  130  7:55  Siege Tank, Marine  
  130  7:57  Marine  
  135  8:00  Barracks Reactor x2, Medivac  
  135  8:03  Marine  
  138  8:06  Marine  
  138  8:10  Marauder  
  139  8:13  Marine  
  139  8:15  Marine  
  139  8:17  Supply Depot  
  139  8:18  Supply Depot  
  140  8:23  Marine  
  140  8:24  Marine  
  140  8:30  Marine  
  140  8:31  Siege Tank, Marauder  
  140  8:33  Marine, Terran Infantry Weapons Level 2  
  145  8:34  Barracks  
  145  8:36  Marine x3  
  145  8:37  Barracks  
  145  8:38  Marine, Barracks  
  149  8:41  Marine  
  149  8:42  Marine  
  149  8:43  Terran Infantry Armor Level 2  
  149  8:48  Supply Depot x2, Marine  
  151  8:49  Refinery  
  151  8:50  Marine  
  151  8:52  Marine  
  151  8:54  Marine x3  
  156  8:56  Marine  
  156  8:59  Marine  
  156  9:00  Marine  
  158  9:03  Siege Tank  
  158  9:06  Marine, Planetary Fortress  
  158  9:08  Marine  
  158  9:09  SCV x2  
  159  9:10  Marine  
  159  9:14  Marine  
  159  9:15  Marine  
  160  9:17  Marine x2  
  160  9:18  Marine  
  160  9:19  Marine  
  160  9:24  Marine  
  160  9:26  Marine  
  160  9:28  Marauder  
  160  9:29  Barracks Tech Lab x2  
  164  9:32  Marine, Barracks Tech Lab  
  164  9:33  Marine  
  164  9:34  Ghost Academy  
  164  9:36  Marine  
  167  9:39  Marine  
  168  9:45  Marine  
  168  9:50  Medivac  
  168  9:51  Medivac  
  175  9:54  Command Center  
  175  10:04  Ghost x4  
  180  10:13  Marine  
  172  10:14  Marine  
  172  10:16  Marine x2  
  172  10:20  Marine  
  176  10:22  Marine  
  176  10:24  Marine  
  175  10:28  Marine  
  175  10:31  Marine  
  175  10:33  Marauder x2  
  175  10:34  Marine  
  175  10:35  Marine x4  
  174  10:38  Marine  
  174  10:39  Marine  
  168  10:43  Marine  

Tags
 
Add a new tag
Caveats
  • Supply blocks, unpowered buildings, or Contaminate may cause inaccurate times.
  • Supply counts are checked every 10 seconds.